 Dungeon Sprint DCSS version 0.21-a0-274-gc1afaeb (webtiles) character file.

35 Kidiri the Firebug (level 3, 0/19 HPs)
             Began as a Deep Elf Fire Elementalist on Sept 19, 2017.
             Slain by a human (8 damage)
             ... in the Dungeon (Sprint III: "The Ten Rune Challenge").
             The game lasted 00:01:44 (202 turns).

Kidiri the Firebug (Deep Elf Fire Elementalist)      Turns: 202, Time: 00:01:45

Health: 0/19       AC:  2    Str:  5    XL:     3   Next: 17%
Magic:  1/12       EV: 13    Int: 20    God:
Gold:   23         SH:  0    Dex: 15    Spells: 5/14 levels left

rFire    . . .     SeeInvis .   (no weapon)
rCold    . . .     Gourm    .   (no shield)
rNeg     . . .     Faith    .   k - -2 robe (curse)
rPois    .         Spirit   .   (no helmet)
rElec    .         Reflect  .   (no cloak)
rCorr    .         Harm     .   (no gloves)
MR       .....     NoTele   +   (no boots)
Stlth    ++........             (no amulet)
HPRegen  0.06/turn              (no ring)
MPRegen  0.13/turn              (no ring)

@: no status effects
A: slimy green scales 1, blurry vision 1, no potion heal 1, subdued magic 1
a: no special abilities


You were in the Dungeon.
You were not hungry.

You visited 1 branch You collected 23 gold pieces.

Inventory:

Armour
 a - a +0 robe
 k - a cursed -2 robe (worn)
Scrolls
 i - a scroll of blinking
 m - a scroll of holy word {unknown}
 n - a scroll of immolation {unknown}
 o - 4 scrolls of remove curse
 q - a scroll of torment {unknown}
 r - 2 scrolls of identify
Potions
 d - a potion of curing
 e - a potion of heal wounds
 f - 2 potions of haste
 g - 2 potions of magic
 h - a potion of berserk rage
 p - 3 potions of flight
Books
 b - a book of Flames

   Spells                             Type                      Level
   a - Flame Tongue                   Conjuration/Fire             1
   b - Throw Flame                    Conjuration/Fire             2
   c - Conjure Flame                  Conjuration/Fire             3
   d - Inner Flame                    Hexes/Fire                   3
   e - Sticky Flame                   Conjuration/Fire             4
   f - Fireball                       Conjuration/Fire             5
Comestibles
 c - a bread ration
 j - 3 royal jellies
 s - 4 fruits


   Skills:
 - Level 2.4 Dodging
 - Level 2.4 Stealth
 * Level 6.1 Spellcasting
 + Level 1.4 Conjurations
 + Level 6.2 Fire Magic


You had 5 spell levels left.
You knew the following spells:

 Your Spells              Type           Power        Failure   Level  Hunger
a - Flame Tongue          Conj/Fire      ###..        1%          1    None
b - Throw Flame           Conj/Fire      ###...       2%          2    None
c - Conjure Flame         Conj/Fire      ###.....     4%          3    ##.....
d - Inner Flame           Hex/Fire       ##......     7%          3    ##.....


Dungeon Overview and Level Annotations

Branches:
Dungeon (1/1)

Altars:


Innate Abilities, Weirdness & Mutations

You are partially covered in slimy green scales. (AC +2)
Scrolls take you a little longer to read.
Potions are less effective at restoring your health.
Your spells are a little easier to cast, but a little less powerful.


Message History

The human closely misses you.
You hit the human but do no damage.
The human is almost dead.
The human barely misses you.
You closely miss the human.
The human is almost dead.
The human hits you but does no damage.
You barely miss the human.
The human is almost dead.
The human closely misses you.
You barely miss the human.
The human is almost dead.
The human hits you.
You closely miss the human.
The human is almost dead.
The human closely misses you.
You closely miss the human.
The human is almost dead.
The human hits you!
You die...

▓▓▓▓▓▓▓▓▓▓▓
▓<.#..+...♣♣
▓..#..#....♣♣
▓#'####.....♣♣
▓.....#....≈.♣
▓.....#...≈≈♣♣
▓.....#p.≈≈≈≈♣.♣
▓####'#@.≈≈≈≈≈≈..
▓.....#.≈≈≈≈≈≈...
▓.....#.≈≈≈≈≈....
▓.....#.≈≈≈......
▓'#####..........
▓................
▓▓▓▓▓▓▓▓▓▓▓▓▓▓▓▓


You could see a human.

Vanquished Creatures
  Jessica (D)
  An ooze (D)
  A phantom (D)
  2 rats (D)
5 creatures vanquished.

Vanquished Creatures (others)
  6 hellions (D)
  2 plants (D)
8 creatures vanquished.

Grand Total: 13 creatures vanquished

Notes
Turn   | Place    | Note
-------+----------+-------------------------------------------
     0 | D        | Kidiri the Deep Elf Fire Elementalist began the quest for the Orb.
     0 | D        | Reached XP level 1. HP: 10/10 MP: 6/6
    53 | D        | Noticed Jessica
    56 | D        | Killed Jessica
    56 | D        | Reached skill level 5 in Fire Magic
    56 | D        | Reached XP level 2. HP: 15/15 MP: 4/11
    56 | D        | Reached XP level 3. HP: 19/19 MP: 4/12
    60 | D        | Learned a level 2 spell: Throw Flame
    64 | D        | Learned a level 3 spell: Conjure Flame
    68 | D        | Learned a level 3 spell: Inner Flame
    89 | D        | Killed a hellion
    90 | D        | Killed a hellion
    90 | D        | Killed a hellion
   137 | D        | Killed a hellion
   137 | D        | Killed a hellion
   140 | D        | Killed a hellion
   169 | D        | Gained mutation: You have a pair of small horns on your head. [potion of mutation]
   169 | D        | Gained mutation: You have sharp toenails. [potion of mutation]
   169 | D        | Gained mutation: You have a beak for a mouth. [potion of mutation]
   170 | D        | Lost mutation: You have a pair of small horns on your head. [potion of mutation]
   170 | D        | Lost mutation: You have sharp toenails. [potion of mutation]
   170 | D        | Lost mutation: You have a beak for a mouth. [potion of mutation]
   170 | D        | Gained mutation: You are agile. (Dex +2) [potion of mutation]
   170 | D        | Gained mutation: You have supernaturally acute eyesight. (SInv) [potion of mutation]
   171 | D        | Lost mutation: You are agile. (Dex +2) [potion of mutation]
   171 | D        | Lost mutation: You have supernaturally acute eyesight. (SInv) [potion of mutation]
   171 | D        | Gained mutation: Scrolls take you a little longer to read. [potion of mutation]
   171 | D        | Gained mutation: You are weak. (Str -2) [potion of mutation]
   171 | D        | Gained mutation: You can translocate small distances at will. [potion of mutation]
   172 | D        | Lost mutation: You are weak. (Str -2) [potion of mutation]
   172 | D        | Lost mutation: You can translocate small distances at will. [potion of mutation]
   172 | D        | Gained mutation: Potions are less effective at restoring your health. [potion of mutation]
   172 | D        | Gained mutation: Your spells are a little easier to cast, but a little less powerful. [potion of mutation]
   172 | D        | Gained mutation: You are partially covered in slimy green scales. (AC +2) [potion of mutation]
   202 | D        | Slain by a human

Vault maps used:
D:        dungeon_sprint_mu

Skill      XL: |  1  2  3 |
---------------+----------+-----
Spellcasting   | 6 |  6.1
Fire Magic     | 5 6 |  6.2
Dodging        | |  2.4
Stealth        | |  2.4
Conjurations   | |  1.4

Action                   || total
-------------------------++-------
Melee: Unarmed           ||     8
 Cast: Flame Tongue      ||    12
       Throw Flame       ||     7
  Use: Potion            ||     4
Armor: Robe              ||     2
Dodge: Dodged            ||     5

Table legend:
 A = Spawn XP
 B = Non-spawn XP
 C = Spawn XP percentage of total XP
 D = Spawn monster count
 E = Non-spawn monster count
 F = Spawn count percentage of total count
 G = Total turns spent on level
                    A         B        C        D         E        F      G
               +---------+---------+-------+---------+---------+-------+---------
         Total |       0 |      51 |   0.0 |       0 |       5 |   0.0 |   202
               +---------+---------+-------+---------+---------+-------+---------
             D |       0 |      51 |   0.0 |       0 |       5 |   0.0 |   202
               +---------+---------+-------+---------+---------+-------+---------
